 Dungeon Crawl Stone Soup version 0.28.0-45-g0d030f2227 (webtiles) character file.

Game seed: 12111678751323481311

139 Icepheonix32 the Skirmisher (level 5, 0/42 HPs)
             Began as a Demonspawn Fighter on Apr 6, 2022.
             Slain by a gnoll
             ... wielding a +0 halberd
              (6 damage)
             ... on level 3 of the Dungeon.
             The game lasted 00:02:13 (1947 turns).

Icepheonix32 the Skirmisher (Demonspawn Fighter)    Turns: 1947, Time: 00:02:14

Health: 0/42       AC:  8    Str: 19    XL:     5   Next: 1%
Magic:  5/5        EV:  9    Int: 15    God:
Gold:   106        SH:  4    Dex: 12    Spells: 4/4 levels left

rFire   . . .      SeeInvis .   a - +0 long sword
rCold   . . .      Faith    .   c - +0 buckler
rNeg    . . .      Spirit   .   b - +0 scale mail
rPois   .          Reflect  .   (no helmet)
rElec   .          Harm     .   (no cloak)
rCorr   .          Rampage  .   f - +0 pair of gloves
Will    .....                   (no boots)
Stlth   ..........              (no amulet)
HPRegen 0.14/turn               g - +6 ring of intelligence
MPRegen 0.09/turn               (no ring)

@: mighty
A: ignite blood 1
a: no special abilities


You were on level 3 of the Dungeon.
You visited 1 branch of the dungeon, and saw 3 of its levels.

You collected 106 gold pieces.

Inventory:

Hand Weapons
 a - a +0 long sword (weapon)
 l - a +1 dagger of freezing
Missiles
 e - 10 poisoned darts (quivered)
Armour
 b - a +0 scale mail (worn)
 c - a +0 buckler (worn)
 f - a +0 pair of gloves (worn)
Magical Staves
 h - a staff of air
Jewellery
 g - a +6 ring of intelligence (left hand)
Scrolls
 i - a scroll of enchant armour {unknown}
 k - 3 scrolls of identify {unknown}
 o - a scroll of brand weapon {unknown}
Potions
 j - a potion of heal wounds {unknown}
 m - 2 potions of mutation {unknown}
 n - a potion of curing {unknown}


   Skills:
 + Level 4.2 Fighting
 - Level 2.0 Long Blades
 + Level 3.6 Armour
 + Level 0.8 Dodging
 + Level 3.3 Shields


You had 4 spell levels left.
You didn't know any spells.
Your spell library contained the following spells:

 Spells                   Type           Power      Damage    Failure   Level
 Conjure Flame            Conj/Fire      0%         6-21      97%         3
 Gell's Gravitas          Tloc           0%         N/A       97%         3
 Ignite Poison            Fire/Tmut/Pois 0%         N/A       97%         3
 Lesser Beckoning         Tloc           0%         N/A       97%         3
 Teleport Other           Tloc           0%         N/A       97%         3
 Sticky Flame             Conj/Fire      0%         2d3       100%        4


Dungeon Overview and Level Annotations

Branches:
Dungeon (3/15)

Altars:


Innate Abilities, Weirdness & Mutations

Your demonic aura sometimes causes spilled blood to erupt in flames.


Message History

A gnoll comes into view. It is wielding a +0 spear.
You block the gnoll's attack.
You barely miss the gnoll. The gnoll closely misses you.
The gnoll barely misses you. The gnoll hits you with a +0 club.
You block the gnoll's attack.
Unknown command.
You closely miss the gnoll. The gnoll hits you with a +0 club.
You feel very mighty all of a sudden. The gnoll barely misses you.
The gnoll hits you with a +0 club.
You slash the gnoll!
You kill the gnoll!
The gnoll closely misses you.
The gnoll hits you from afar with a +0 halberd.
You hit the gnoll.
The gnoll is lightly wounded.
The gnoll hits you but does no damage.
The gnoll is engulfed in blazing flames.
You kill the gnoll!
The gnoll closely misses you. The gnoll hits you but does no damage.
The gnoll barely misses you. The gnoll closely misses you.
Things that are here:
a +0 short sword; a +0 club; a gnoll corpse You hit the gnoll.
The gnoll is heavily wounded.
The gnoll closely misses you. The gnoll hits you but does no damage.
You closely miss the gnoll.
The gnoll is heavily wounded.
You block the gnoll's attack. x2; The gnoll hits you with a +0 halberd.
You hit the gnoll.
The gnoll is severely wounded.
You block the gnoll's attack. The gnoll hits you but does no damage.
The gnoll hits you with a +0 spear.
You slash the gnoll!
You kill the gnoll!
The gnoll hits you with a +0 halberd!
* * * LOW HITPOINT WARNING * * *
The gnoll barely misses you.
You have reached level 5!
The gnoll hits you from afar with a +0 halberd.
You die...

# #....##........
##.............. ##
###......#........
#####.##...........>.....
...........#.#...........
........#..#.##..#######.
...........#.##.## #....
#....g##.##.##.###...###
#.))@)..........# ##.
#.###........### #.. #
#.##>.##...# #.. #...#.#
#.# #.. #.#. .# #.....
....#.. ..... ........
..... #### #.... .....
.....


You could see a gnoll.

Vanquished Creatures
  3 gnolls (D:3)
  5 adders (D:2)
  3 dart slugs (D:1)
  6 endoplasms
  3 giant cockroaches (D:1)
  7 goblins
  6 hobgoblins
  5 jackals
  A quokka (D:2)
  5 ball pythons
  4 bats
  2 frilled lizards (D:1)
  3 kobolds
  4 rats
57 creatures vanquished.

Notes
Turn   | Place    | Note
-------+----------+-------------------------------------------
     0 | D:1      | Icepheonix32 the Demonspawn Fighter began the quest for the
                  | Orb.
     0 | D:1      | Reached XP level 1. HP: 18/18 MP: 1/1
   133 | D:1      | Gained mutation: Your demonic aura sometimes causes spilled
                  | blood to erupt in flames. [demonic ancestry]
   133 | D:1      | Reached XP level 2. HP: 22/24 MP: 2/2
   480 | D:1      | Reached XP level 3. HP: 28/29 MP: 3/3
   528 | D:1      | Found a faded altar of an unknown god.
  1065 | D:2      | Reached XP level 4. HP: 36/37 MP: 4/4
  1447 | D:2      | Reached skill level 4 in Fighting
  1947 | D:3      | Reached XP level 5. HP: 6/42 MP: 5/5
  1947 | D:3      | Slain by a gnoll

Illustrated notes

Levels and vault maps discovered:
D:1:      ncdulo_lavacross, layout_loops_ring,
          ebering_ecumenical_altar_abandoned, dk_noncrumbling_4
D:2:      layout_basic, kennysheep_generic_room_12
D:3:      layout_rooms, mainiacjoe_overflow_two_lobes

Skill      XL: |  1  2  3  4 |
---------------+-------------+-----
Long Blades    | 2 |  2.0
Shields        | 3 |  3.3
Armour         | 3 |  3.6
Fighting       | 4 |  4.2
Dodging        | |  0.8

Action                   |  1- 3 |  4- 6 || total
-------------------------+-------+-------++-------
Melee: Long sword        |    91 |    69 ||   160
  Use: Potion            |       |     1 ||     1
Armor: Scale mail        |    47 |    34 ||    81
Dodge: Dodged            |    45 |    52 ||    97
Block: Buckler           |    27 |    20 ||    47
